AoeStats
← Tenamaxtli

Arabia

509485753Analyzed
4v4 RM · 4d ago on Sep 26, 2026· 24m 12s· 8 players
Game mode
Random Map
Map size
Large (8 player)
Population
200
Speed
Normal
Resources
Standard
Victory
Conquest
Starting age
Dark Age
Ending age
Imperial Age
RankedLock teamsTeams togetherTeam positionsShared explorationLock speedFull tech treeHidden civsTurbo modeCheats
Victory
Defeat
🇲🇽 Varangians · Mexico
1229
+9
🇲🇽 Ethiopians · Mexico
1138
+13
🇲🇽 Khmer · Mexico
1063
+16
🇲🇽 Byzantines · Mexico
912
+22
🇨🇴 Bohemians · Colombia
1175
-20
🇩🇪 Khitans · Germany
1059
-15
🇬🇧 Britons · United Kingdom
1020
-13
🇨🇦 Saracens · Canada
1000
-12
Tiiiian
6:19 Loom
9:20 Feudal Age
9:49 Double-Bit Axe
13:20 Fletching
21:39 Padded Archer Armor
24:04 Castle Age
22:38 Horse Collar
22:49 Gold Mining
erick_s_v
8:32 Loom
11:17 Feudal Age
12:49 Double-Bit Axe
18:08 Forging
Tenamaxtli
6:23 Loom
9:30 Feudal Age
12:28 Bloodlines
13:32 Double-Bit Axe
16:38 Forging
20:49 Scale Barding Armor
23:56 Castle Age
Carlos
13:39 Feudal Age
18:24 Castle Age
17:35 Double-Bit Axe
17:35 Horse Collar
18:45 Bloodlines
19:11 Husbandry
22:09 Light Cavalry
Olly
12:01 Feudal Age
10:55 Loom
16:06 Horse Collar
20:14 Double-Bit Axe
22:57 Wheelbarrow
Hrakiir
11:05 Feudal Age
14:12 Forging
14:02 Domestication
14:26 Double-Bit Axe
15:40 Scale Barding Armor
22:16 Castle Age
duval0408
9:30 Loom
11:16 Feudal Age
16:11 Castle Age
14:43 Double-Bit Axe
15:25 Gold Mining
15:21 Horse Collar
16:37 Pikeman
Cookie Monster
8:09 Loom
10:32 Feudal Age
11:24 Double-Bit Axe
14:33 Fletching
14:45 Padded Archer Armor
Connection lost

Rejoining the realm…

Still unreachable

The connection could not be restored.

Session expired

The server has moved on; the page needs a fresh start.